 Dungeon Crawl Stone Soup version 0.27.0-1-g7a089689b8 (webtiles) character file.

Game seed: 13235581792770398434

555 GordonOverkill the Sneak (level 7, -1/41 HPs)
             Began as a Deep Elf Brigand on Aug 8, 2021.
             Slain by an ogre (26 damage)
             ... on level 5 of the Dungeon.
             The game lasted 00:09:07 (5913 turns).

GordonOverkill the Sneak (Deep Elf Brigand)         Turns: 5913, Time: 00:09:07

Health: -1/41      AC:  6    Str:  8 (10) XL:     7   Next: 8%
Magic:  9/9        EV: 10    Int: 14 (16) God:
Gold:   164        SH:  5    Dex: 15 (16) Spells: 6/6 levels left

rFire    . . .     SeeInvis .   q - +0 dagger (venom)
rCold    . . .     Faith    .   (no shield)
rNeg     . . .     Spirit   .   m - +0 ring mail
rPois    .         Reflect  +   (no helmet)
rElec    .         Harm     .   c - +0 cloak
rCorr    .         Rampage  .   (no gloves)
Will     .....                  (no boots)
Stlth    ++........             o - amulet of reflection
HPRegen  0.13/turn              (no ring)
MPRegen  0.11/turn              (no ring)

@: no status effects
A: no striking features
a: no special abilities


You were on level 5 of the Dungeon.
You visited 1 branch of the dungeon, and saw 5 of its levels.
You also visited: Sewer.

You collected 278 gold pieces.
You spent 114 gold pieces at shops.

Inventory:

Hand Weapons
 a - a +2 dagger
 q - a +0 dagger of venom (weapon)
Missiles
 d - 4 poisoned darts (quivered)
 y - 6 boomerangs
Armour
 c - a +0 cloak (worn)
 m - a +0 ring mail (worn)
Jewellery
 o - an amulet of reflection (around neck)
 v - a ring of protection from cold
Wands
 e - a wand of paralysis (5)
 g - a wand of acid (3)
 r - a wand of flame (10)
Scrolls
 h - a scroll of brand weapon {unknown}
 k - 2 scrolls of fog
 l - a scroll of fear {unknown}
 p - a scroll of magic mapping
 t - 3 scrolls of teleportation
 u - a scroll of immolation {unknown}
 w - 2 scrolls of silence
 x - a scroll of enchant armour {unknown}
 z - a scroll of enchant weapon
Potions
 j - 10 potions of flight
 n - 2 potions of curing
 s - a potion of might


   Skills:
 + Level 3.5 Fighting
 + Level 4.3 Short Blades
 + Level 4.2 Throwing
 - Level 1.2 Dodging
 - Level 4.8 Stealth
 + Level 3.4 Evocations


You had 6 spell levels left.
You didn't know any spells.
Your spell library contained the following spells:

 Spells                   Type           Power      Damage    Failure   Level
 Foxfire                  Conj/Fire      0%         2x1d4     65%         1
 Magic Dart               Conj           0%         1d3       65%         1
 Searing Ray              Conj           0%         3d3       80%         2
 Conjure Flame            Conj/Fire      0%         6-21      95%         3
 Dazzling Flash           Conj/Hex       0%         N/A       95%         3
 Ignite Poison            Fire/Tmut/Pois 0%         N/A       95%         3
 Inner Flame              Hex/Fire       0%         N/A       95%         3
 Mephitic Cloud           Conj/Pois/Air  0%         N/A       95%         3
 Fulminant Prism          Conj/Hex       0%         3d6       100%        4
 Agony                    Necr           0%         N/A       100%        5
 Bolt of Magma            Conj/Fire/Erth 0%         4d4       100%        5
 Silence                  Hex/Air        0%         N/A       100%        5


Dungeon Overview and Level Annotations

Branches:
Dungeon (5/15)              Sewer (visited)
 Temple: D:4-7

Altars:
Makhleb

Shops:
D:4 ?[(


Message History

Throw: 7 darts (poison)
Press: ? - help, Q - select action, (/) - cycle Shift-Dir - straight line, f/p - ogre
Aim: an ogre, wielding a +0 giant club (moderately wounded, 76% to hit)
You throw a poisoned dart. The poisoned dart hits the ogre.
The ogre is poisoned.
The ogre is moderately wounded.
Throw: 6 darts (poison)
Press: ? - help, Q - select action, (/) - cycle Shift-Dir - straight line, f/p - ogre
Aim: an ogre, wielding a +0 giant club (moderately wounded, poisoned, 76% to hit)
You throw a poisoned dart.
The poisoned dart barely misses the ogre.
Throw: 5 darts (poison)
Press: ? - help, Q - select action, (/) - cycle Shift-Dir - straight line, f/p - ogre
Aim: an ogre, wielding a +0 giant club (moderately wounded, poisoned, 76% to hit)
You throw a poisoned dart.
The poisoned dart barely misses the ogre.
The ogre looks more healthy.
Throw: dart (curare)
Press: ? - help, Q - select action, (/) - cycle Shift-Dir - straight line, f/p - ogre
Aim: an ogre, wielding a +0 giant club (heavily wounded, 76% to hit)
You throw a curare-tipped dart.
The curare-tipped dart completely misses the ogre.
You barely miss the ogre.
The ogre is heavily wounded.
The ogre barely misses you.
You hit the ogre.
The ogre is poisoned.
The ogre is heavily wounded.
You barely miss the ogre.
The ogre is severely wounded.
The ogre barely misses you.
There is a stone staircase leading down here.
You barely miss the ogre.
The ogre is severely wounded.
The ogre hits you with a +0 giant club!
* * * LOW HITPOINT WARNING * * *
You hit the ogre.
The ogre looks as sick as possible!
The ogre is almost dead.
The ogre hits you with a +0 giant club!!
Ouch! That really hurt!
You die...

...##.....###.######
.......#### #......#
.........#########.#
..............# #.#
###...........# #.#
#...........# #.#
######+#'###### #.#
.....#.#.#########.#
(..(..(........O@#.#
.....#.###########.#
... #. #########.##
. #. .........†.# ..
...........#
##..##########.#
#..#......# #.#
#..#.####.###.#
#..#(##....##.#


You could see an ogre (extremely poisoned).

Vanquished Creatures
  An ice beast (D:5)
  A scorpion (D:5)
  An orc priest (D:4)
  2 jellies
  Natasha (thrice) (D:3)
  A merfolk siren (Sewer)
  A merfolk avatar (Sewer)
  A hound skeleton (D:4)
  4 gnolls
  2 river rats (Sewer)
  4 adders
  2 orcs (D:4)
  4 bats
  3 endoplasms
  4 giant cockroaches
  3 goblins
  8 hobgoblins
  3 jackals (D:5)
  4 quokkas
  14 ball pythons
  5 frilled lizards (Sewer)
  2 kobolds (D:3)
  23 rats
96 creatures vanquished.

Notes
Turn   | Place    | Note
-------+----------+-------------------------------------------
     0 | D:1      | GordonOverkill the Deep Elf Brigand began the quest for the
                  | Orb.
     0 | D:1      | Reached XP level 1. HP: 12/12 MP: 3/3
   192 | D:1      | Reached XP level 2. HP: 17/17 MP: 4/4
   601 | D:1      | Found a faded altar of an unknown god.
  1531 | D:2      | Reached XP level 3. HP: 21/21 MP: 5/5
  1958 | D:3      | Noticed Natasha
  1977 | D:3      | Killed Natasha
  1978 | D:3      | Reached XP level 4. HP: 6/27 MP: 6/6
  2310 | D:3      | Noticed Natasha
  2327 | D:3      | Killed Natasha
  2328 | D:3      | Reached skill level 1 in Evocations
  3233 | D:3      | Reached XP level 5. HP: 17/31 MP: 7/7
  3400 | D:3      | Found a burning altar of Makhleb.
  3400 | D:3      | Noticed an Executioner
  3427 | D:3      | Noticed Natasha
  3462 | D:3      | Killed Natasha
  3668 | D:4      | Found Vurif's Antique Armour Shoppe.
  3702 | D:4      | Found a glowing drain.
  3724 | Sewer    | Entered a sewer
  4315 | Sewer    | Reached XP level 6. HP: 21/37 MP: 8/8
  4632 | D:4      | Found Giyhumutz's Antique Weapon Emporium.
  5101 | D:4      | Found Forirghe's Magic Scroll Boutique.
  5109 | D:4      | Bought a scroll of enchant weapon for 90 gold pieces
  5109 | D:4      | Bought a scroll of fog for 24 gold pieces
  5360 | D:5      | Entered Level 5 of the Dungeon
  5518 | D:5      | Noticed an ice beast
  5525 | D:5      | Killed an ice beast
  5526 | D:5      | Reached XP level 7. HP: 41/41 MP: 9/9
  5913 | D:5      | Slain by an ogre

Illustrated notes

Levels and vault maps discovered:
D:1:      minmay_arrival_up_and_down, layout_rooms,
          shapermc_ecumenical_altar_mp_ritualfount, minmay_bisected
D:2:      layout_loops_corners, minivault_25
D:3:      layout_loops_corners, makhleb_altar_promises_db, serial_aquarium,
          aquarium_bridge_square [aquarium_subvault_bridge,
          aquarium_subvault_window, aquarium_subvault_wall,
          aquarium_subvault_wall], aquarium_window_fake, aquarium_window_fake,
          aquarium_view_2e, aquarium_view_2b, aquarium_balcony_3a, uniq_natasha
D:4:      layout_gridville, serial_shops, shop, nicolae_shop_crystal, shop,
          portal_sewer_entry_d
D:5:      layout_basic, minmay_temple_entry_offerings

Skill      XL: |  1  2  3  4  5  6 |
---------------+-------------------+-----
Fighting       | 2 3 |  3.5
Short Blades   | 3 4 |  4.3
Throwing       | 3 4 |  4.2
Evocations     | 1 2 3 |  3.4
Dodging        | |  1.2
Stealth        | |  4.8

Action                   |  1- 3 |  4- 6 |  7- 9 || total
-------------------------+-------+-------+-------++-------
Melee: Dagger            |    83 |   220 |    23 ||   326
Throw: Dart              |    22 |    21 |     5 ||    48
       Boomerang         |       |     3 |     2 ||     5
Evoke: Wand              |     5 |     6 |       ||    11
  Use: Scroll            |       |     3 |       ||     3
       Potion            |       |     3 |       ||     3
 Stab: Sleeping          |     7 |     6 |     1 ||    14
Armor: Robe              |     3 |       |       ||     3
       Leather armour    |    17 |       |       ||    17
       Ring mail         |     9 |    48 |     6 ||    63
Dodge: Dodged            |    48 |    78 |    10 ||   136
Block: Other             |       |    44 |     2 ||    46
